 Dungeon Crawl Stone Soup version 0.32-a0-778-ga6a9c15 (webtiles) character file.

Game seed: 5693503722341838117

1670 Forbies the Poker (level 8, -9/70 HPs)
             Began as a Mountain Dwarf Monk on Mar 19, 2024.
             Was a Believer of Makhleb.
             Mangled by a hornet (10 damage)
             ... on level 7 of the Dungeon.
             The game lasted 00:47:07 (6518 turns).

Forbies the Poker (Mountain Dwarf Monk)             Turns: 6518, Time: 00:47:08

Health: -9/70      AC: 10    Str: 20    XL:     8   Next: 69%
Magic:  9/9        EV: 10    Int: 21    God:    Makhleb [**....]
Gold:   383        SH:  5    Dex: 15    Spells: 4/8 levels left

rFire   . . .        n - +5 spear "Gram" {drain, *Rage Int+6 Dex-3}
rCold   . . .        d - orb {light}
rNeg    + . .        y - +0 scale mail
rPois   .            p - +0 helmet
rElec   .            (no cloak)
rCorr   .            (no gloves)
SInv    .            w - +0 pair of boots
Will    .....        z - amulet of reflection Stlth
                     q - ring of Teurhoc {rN+ Str+5 Int+3}
HPRegen 0.31/turn    e - +6 ring of dexterity
MPRegen 0.11/turn

%: random rage (20%), reflection
@: on berserk cooldown, slowed, glowing, very slow
A: runic magic, artefact enchanting
a: Renounce Religion, Minor Destruction


You were on level 7 of the Dungeon.
You worshipped Makhleb.
Makhleb was pleased with you.
You visited 2 branches of the dungeon, and saw 8 of its levels.

You collected 383 gold pieces.

Inventory:

Hand Weapons
 a - a +0 hand axe
 i - a +2 dagger of venom
 n - the +5 spear "Gram" (weapon) {drain, *Rage Int+6 Dex-3}
   (You found it on level 2 of the Dungeon)

   Int+6:     It affects your intelligence (+6).
   Dex-3:     It affects your dexterity (-3).
   *Rage:     It berserks you when you make melee attacks (+20% chance).
Armour
 b - a +0 robe
 d - an orb of light (worn)
 o - a +0 ring mail
 p - a +0 helmet (worn)
 v - a +0 helmet
 w - a +0 pair of boots (worn)
 y - a +0 scale mail (worn)
Magical Staves
 k - a staff of cold
 A - a staff of alchemy
Jewellery
 e - a +6 ring of dexterity (right hand)
 q - the ring of Teurhoc (left hand) {rN+ Str+5 Int+3}
   (You acquired it on level 6 of the Dungeon)

   [ring of positive energy]

   Str+5:     It affects your strength (+5).
   Int+3:     It affects your intelligence (+3).
   rN+:       It protects you from negative energy.
 r - a ring of resist corrosion
 u - a ring of poison resistance
 z - an amulet of reflection (around neck)
Wands
 t - a wand of charming (11)
Scrolls
 f - a scroll of amnesia {unknown}
 g - 2 scrolls of immolation
 j - 3 scrolls of noise
 m - a scroll of poison {unknown}
 C - 2 scrolls of fear {unknown}
Potions
 c - 3 potions of ambrosia
 h - 2 potions of might
 l - a potion of berserk rage
 s - a potion of lignification
 x - 3 potions of degeneration
 B - a potion of curing


   Skills:
 + Level 6.1 Fighting
 + Level 0.2 Short Blades
 + Level 4.5(6.6) Axes
 + Level 6.2(6.7) Polearms
 + Level 5.6 Armour
 + Level 3.9 Dodging
 + Level 0.5 Stealth
 + Level 0.8 Spellcasting
 + Level 0.7 Conjurations
 + Level 0.2 Air Magic
 + Level 0.2 Alchemy
 + Level 0.7 Invocations


You had 4 spell levels left.
You knew the following spells:

 Your Spells              Type           Power      Damage    Failure   Level
a - Mephitic Cloud        Conj/Alch/Air  2%         N/A       47%         3
b - Apportation           Tloc           0%         N/A       22%         1

Your spell library contained the following spells:

 Spells                   Type           Power      Damage    Failure   Level
 Slow                     Hex            0%         N/A       22%         1
 Jinxbite                 Hex            0%         N/A       32%         2
 Dazzling Flash           Conj/Hex       4%         N/A       50%         3
 Confusing Touch          Hex            0%         N/A       54%         3
 Vampiric Draining        Necr           0%         2d6       54%         3
 Alistair's Intoxication  Alch           0%         N/A       99%         5
 Curse of Agony           Necr           0%         N/A       99%         5
 Silence                  Hex/Air        0%         N/A       99%         5


Dungeon Overview and Level Annotations

Branches:
Dungeon (7/15)             Temple (1/1) D:4

Altars:
Ashenzari
Cheibriados
Dithmenos
Elyvilon
Fedhas
Gozag
Hepliaklqana
Kikubaaqudgha
Makhleb
Nemelex Xobeh
Okawaru
Qazlal
Ru
Sif Muna
Trog
Uskayaw
Vehumet
Wu Jian
Xom
Yredelemnul
Zin
The Shining One

Portals:
Abyss: D:3

Annotations:
D:3 bongcheondong's ghost, amateur GnIE


Innate Abilities, Weirdness & Mutations

Your spellcasting is much less encumbered by armour.
You can use scrolls of enchantment on lesser artefacts.


Message History

The centaur shoots an arrow.
The arrow hits you!
* * * LOW HITPOINT WARNING * * *
The centaur shoots an arrow.
The arrow closely misses you.
The centaur shoots an arrow.
The arrow hits you.
* * * LOW HITPOINT WARNING * * *
A gnoll comes into view. It is wielding a +0 halberd.
The ufetubus slips past you!
The ufetubus hits you but does no damage.
The ufetubus closely misses you.
The ufetubus hits you but does no damage.
The ufetubus barely misses you.
The gnoll moves out of view.
You hit the ufetubus.
The ufetubus is heavily wounded.
The ufetubus closely misses you. The ufetubus barely misses you.
The ufetubus hits you but does no damage. x3
The ufetubus hits you.
* * * LOW HITPOINT WARNING * * *
The ufetubus closely misses you. x2
You barely miss the ufetubus.
The ufetubus is heavily wounded.
The ufetubus hits you but does no damage.
The ufetubus closely misses you.
A gnoll comes into view. It is wielding a +0 club.
The ufetubus barely misses you. The ufetubus hits you.
* * * LOW HITPOINT WARNING * * *
A gnoll comes into view. It is wielding a +0 spear.
The gnoll moves out of view.
The gnoll shouts!
You puncture the ufetubus!
You kill the ufetubus!
Makhleb accepts your kill.
You feel better.
You hear a shout!
The hornet barely misses you.
The gnoll hits you from afar with a +0 halberd.
* * * LOW HITPOINT WARNING * * *
You hear a shout!
You don't have enough health at the moment.
The hornet attacks as it pursues you! The hornet stings you!
You die...

#.# #.# #.# #.#
#.###.##
#######.###.##...####
...55..J..cJ........#
..#####5###..#...##.#
......cc#
#..##.###...
..#####.# #..##...>.
.. #y# #......... .
#@# #...#####..
#g#.##...# . .g#
#.....# #.. .....# #.
......# .. ........
## .....#... ...


You could see a hornet (drained), 2 centaurs, a jelly, 2 gnolls and an ufetubus.

Vanquished Creatures
  2 water moccasins
  An ice beast (D:6)
  A sky beast (D:6)
  A black bear (D:4)
  An ogre (D:7)
  3 centaurs
  A bullfrog (D:6)
  A scorpion (D:5)
  A bombardier beetle (D:5)
  2 jellies
  A hound (D:5)
  3 orc priests
  5 orc wizards
  3 sleepcaps
  2 iguanas (D:6)
  6 gnolls
  9 adders
  2 ufetubi
  4 dart slugs
  3 ribbon worms (D:2)
  26 orcs
  6 bats
  5 endoplasms
  5 giant cockroaches
  5 goblins
  8 hobgoblins
  3 jackals (D:3)
  11 kobolds
  4 quokkas
  3 ball pythons
  2 frilled lizards (D:1)
  3 rats
133 creatures vanquished.

Notes
Turn   | Place    | Note
-------+----------+-------------------------------------------
     0 | D:1      | Forbies the Mountain Dwarf Monk began the quest for the
                  | Orb.
     0 | D:1      | Reached XP level 1. HP: 19/19 MP: 1/1
   237 | D:1      | Reached XP level 2. HP: 26/26 MP: 2/2
   731 | D:1      | Reached XP level 3. HP: 32/33 MP: 3/3
  1025 | D:2      | You fall into a shaft and drop 1 floor!
  1327 | D:2      | Identified the +1 spear "Gram" {drain, *Rage Int+6 Dex-3}
  1968 | D:3      | Reached XP level 4. HP: 40/40 MP: 4/4
  2094 | D:3      | Noticed a small abomination
  2109 | D:3      | Reached skill level 1 in Polearms
  2109 | D:3      | Reached XP level 5. HP: 45/47 MP: 5/5
  2113 | D:3      | Reached skill level 1 in Armour
  2135 | D:3      | Found a transporter.
  2140 | D:3      | Noticed a small abomination
  2141 | D:3      | Noticed bongcheondong's ghost (amateur GnIE)
  2158 | D:3      | Found a one-way gate to the infinite horrors of the Abyss.
  2160 | D:3      | Found a transporter.
  2247 | D:3      | Learned a level 3 spell: Mephitic Cloud
  2396 | D:4      | Noticed a water moccasin
  2404 | D:4      | Killed a water moccasin
  2405 | D:4      | Reached XP level 6. HP: 53/53 MP: 6/6
  2434 | D:4      | Learned a level 1 spell: Apportation
  2849 | D:4      | Found a staircase to the Ecumenical Temple.
  2865 | Temple   | Entered the Ecumenical Temple
  3336 | Temple   | Became a worshipper of Makhleb the Destroyer
  3336 | Temple   | Reached * piety under Makhleb
  3336 | Temple   | Reached ** piety under Makhleb
  3943 | D:5      | Entered Level 5 of the Dungeon
  4132 | D:5      | Reached XP level 7. HP: 60/60 MP: 7/7
  4243 | D:5      | Reached skill level 5 in Fighting
  4503 | D:5      | Upgraded the game from 0.32-a0-772-g33df237 to
                  | 0.32-a0-778-ga6a9c15
  5405 | D:6      | Identified a scroll of acquirement
  5406 | D:6      | Acquired the ring of Teurhoc {rN+ Str+5 Int+3}
  5435 | D:6      | Reached XP level 8. HP: 70/70 MP: 5/8
  5548 | D:6      | Found a hazy altar of Hepliaklqana.
  5549 | D:6      | Found a hide-covered altar of Uskayaw.
  5638 | D:6      | Reached skill level 5 in Polearms
  5668 | D:6      | Reached skill level 5 in Armour
  6496 | D:7      | Noticed a hornet
  6516 | D:7      | HP: 3/70 [ufetubus (2)]
  6517 | D:7      | HP: 1/70 [gnoll/+0 halberd (4)]
  6518 | D:7      | Mangled by a hornet

Illustrated notes

Levels and vault maps discovered:
D:1:      minmay_arrival_glassed_features, layout_loops_ring, st_stairs_14
D:2:      layout_basic
D:3:      layout_rooms, gammafunk_ghost_abyssal_escape
D:4:      layout_basic, minmay_temple_entry_hall, chequers_avenue
D:5:      layout_loops_corners, minmay_misc_feat_more_columns,
          hangedman_decor_riveting, nicolae_titane
D:6:      layout_loops_corners, amethyst_overflow_temple_binary
D:7:      layout_loops_ring
Temple:   mainiacjoe_temple_big_plus

Skill      XL: |  1  2  3  4  5  6  7  8 |
---------------+-------------------------+-----
Axes           | 4 |  4.5
Fighting       | 4 5 6 |  6.1
Dodging        | 3 |  3.9
Polearms       | 1 2 3 4 6 |  6.2
Armour         | 2 3 4 5 |  5.6
Short Blades   | |  0.2
Stealth        | |  0.5
Spellcasting   | |  0.8
Conjurations   | |  0.7
Air Magic      | |  0.2
Alchemy        | |  0.2
Invocations    | |  0.7

Action                     |  1- 3 |  4- 6 |  7- 9 || total
---------------------------+-------+-------+-------++-------
  Melee: Hand axe          |    49 |       |       ||    49
         Dagger            |    44 |       |       ||    44
         Spear             |    19 |   100 |   113 ||   232
   Cast: Mephitic Cloud    |       |       |     1 ||     1
 Invoke: Minor Destruction |       |     1 |       ||     1
    Use: Scroll            |     7 |       |     3 ||    10
         Potion            |     6 |       |     3 ||     9
 Armour: Robe              |    67 |       |       ||    67
         Ring mail         |     8 |    69 |    15 ||    92
         Scale mail        |       |       |    80 ||    80
  Dodge: Dodged            |    86 |    81 |    75 ||   242

Table legend: (Time is in decaauts)
 A = Elapsed time spent in this place.
 B = Non-inter-level travel time spent in this place.
 C = Inter-level travel time spent in this place.
 D = Time resting spent in this place.
 E = Time spent auto-exploring this place.
 F = Levels seen in this place.
 G = Mean time per level.
                   A        B        C        D        E       F      G
               +--------+--------+--------+--------+--------+-----+--------+
         Total |   6770 |   6770 |      0 |      0 |      0 |   8 |  846.2 |
       Dungeon |   6157 |   6157 |      0 |      0 |      0 |   7 |  879.6 |
        Temple |    613 |    613 |      0 |      0 |      0 |   1 |  613.0 |
               +--------+--------+--------+--------+--------+-----+--------+

Top non-repeatable levels by time:
     D:5: 1315 daAuts
     D:6: 1045 daAuts
     D:4: 1001 daAuts
     D:2: 978 daAuts
     D:1: 924 daAuts
  Temple: 613 daAuts
     D:3: 550 daAuts
     D:7: 341 daAuts
